AoeStats
← JacekSoplica(ksiądzRobak prime)

Arena

509720332Analyzed
1v1 RM · 5d ago on Sep 27, 2026· 89m 56s· 2 players
Game mode
Random Map
Map size
Tiny (2 player)
Population
200
Speed
Normal
Resources
Standard
Victory
Conquest
Starting age
Dark Age
Ending age
Imperial Age
RankedLock teamsTeams togetherTeam positionsShared explorationLock speedFull tech treeHidden civsTurbo modeCheats
Victory
Defeat
🇨🇦 Khmer · Canada
696
+17
720
-17
Kemeleon
5:23 Loom
9:39 Feudal Age
11:09 Wheelbarrow
10:27 Horse Collar
10:49 Double-Bit Axe
20:25 Castle Age
20:29 Stone Mining
20:32 Gold Mining
21:08 Bloodlines
20:44 Light Cavalry
21:26 Husbandry
21:41 Forging
21:37 Scale Barding Armor
23:20 Iron Casting
23:48 Bow Saw
25:05 Stone Shaft Mining
25:07 Chain Barding Armor
25:40 Fletching
26:50 Bodkin Arrow
29:22 Gold Shaft Mining
30:52 Hand Cart
33:12 Imperial Age
35:04 Conscription
36:25 Blast Furnace
35:55 Masonry
35:53 Siege Engineers
37:23 Hoardings
37:03 Elite Ballista Elephant
37:27 Hussar
38:40 Heavy Scorpion
40:41 Double Crossbow
41:34 Plate Barding Armor
41:25 Ballistics
44:01 Chemistry
42:58 Murder Holes
43:15 Masonry
52:59 Architecture
66:26 Elite Ballista Elephant
JacekSoplica(ksiądzRobak prime)
3:03 Loom
11:09 Feudal Age
14:00 Double-Bit Axe
17:49 Castle Age
20:44 Horse Collar
22:31 Town Watch
25:24 Bow Saw
26:02 Gold Mining
27:40 Stone Mining
28:10 Heavy Plow
28:49 Forging
28:45 Pikeman
30:48 Wheelbarrow
30:32 Squires
30:20 Arson
30:41 Scale Mail Armor
31:27 Ballistics
31:56 Murder Holes
35:50 Imperial Age
34:17 Hand Cart
34:11 Fletching
34:33 Padded Archer Armor
35:00 Bodkin Arrow
37:56 Chemistry
37:35 Iron Casting
37:01 Bracer
38:45 Maghrebi Camels
39:33 Scale Barding Armor
39:45 Chain Mail Armor
40:27 Crop Rotation
40:13 Masonry
39:44 Treadmill Crane
40:12 Town Patrol
40:32 Husbandry
40:43 Bloodlines
41:02 Guilds
41:07 Fortified Wall
40:59 Elite Camel Archer
42:42 Blast Furnace
41:58 Leather Archer Armor
42:04 Chain Barding Armor
41:13 Elite Camel Archer
41:52 Heavy Camel Rider
43:28 Plate Mail Armor
45:01 Gold Shaft Mining
45:04 Stone Shaft Mining
45:41 Ring Archer Armor
55:43 Kasbah
56:05 Conscription
56:21 Hoardings
56:45 Plate Barding Armor
62:53 Onager
67:53 Siege Engineers
Connection lost

Rejoining the realm…

Still unreachable

The connection could not be restored.

Session expired

The server has moved on; the page needs a fresh start.